 Dungeon Crawl Stone Soup version 0.25-a0-110-ge29c8f2358 (webtiles) character file.

Game seed: 3967095298992505684, levelgen mode: deterministic

16702 Ijustatesigmund the Blocker (level 12, -4/97 HPs)
             Began as a Gnoll Fighter on Nov 19, 2019.
             Was an Elder of Cheibriados.
             Slain by Rupert
             ... wielding a +2 battleaxe of chopping
              (10 damage)
             ... on level 12 of the Dungeon.
             The game lasted 00:28:00 (12692 turns).

Ijustatesigmund the Blocker (Gnoll Fighter)        Turns: 12692, Time: 00:28:00

Health: -4/97      AC: 14    Str: 31    XL:     12   Next: 40%
Magic:  17/22      EV: 24    Int: 25    God:    Cheibriados [****..]
Gold:   813        SH: 17    Dex: 32    Spells: 25/25 levels left

rFire    + . .     SeeInvis .   g - +6 mace (protect)
rCold    . . .     Gourm    .   c - +0 shield
rNeg     . . .     Faith    .   b - +2 scale mail {rF+}
rPois    +         Spirit   .   (no helmet)
rElec    .         Reflect  +   h - +1 cloak
rCorr    .         Harm     .   (no gloves)
MR       +....                  (no boots)
Stlth    ++++......             k - +2 amulet of reflection
HPRegen  0.26/turn              d - ring of poison resistance
MPRegen  0.18/turn              o - ring of Generosity {+Blink MR+ Str+2}

@: agile, very slow
A: distributed training, fangs 1, repulsion field 1, blurry vision 1, clever 1,
shaggy fur 1, subdued magic 1, strong nose
a: Bend Time, Temporal Distortion, Slouch, Renounce Religion, Evoke Blink


You were on level 12 of the Dungeon.
You worshipped Cheibriados.
Cheibriados was greatly pleased with you.
You were not hungry.

You visited 2 branches of the dungeon, and saw 13 of its levels.
You also visited: Sewer and Ossuary.

You collected 813 gold pieces.

Inventory:

Hand Weapons
 a - a +0 flail
 g - a +6 mace of protection (weapon)
Armour
 b - a +2 scale mail of fire resistance (worn)
 c - a +0 shield (worn)
 h - a +1 cloak (worn)
Jewellery
 d - a ring of poison resistance (left hand)
 k - a +2 amulet of reflection (around neck)
 o - the ring of Generosity (right hand) {+Blink MR+ Str+2}
   (You found it on level 5 of the Dungeon)

   [ring of protection from magic]

   It affects your strength (+2).
   It affects your resistance to hostile enchantments.
   It lets you blink.
 p - an uncursed ring of protection from fire
 F - an uncursed ring of stealth {unknown}
 H - a cursed -2 ring of protection {unknown}
Wands
 l - a wand of clouds (1)
 v - a wand of disintegration (1)
 x - a wand of digging (10)
 A - a wand of acid (6)
 I - a wand of flame (25)
Scrolls
 m - a scroll of teleportation
 q - 4 scrolls of magic mapping
 y - 3 scrolls of remove curse
 B - 7 scrolls of fear
 D - 3 scrolls of amnesia
 G - 3 scrolls of identify
 J - a scroll of enchant armour
Potions
 e - 3 potions of magic
 i - 2 potions of agility
 j - 9 potions of curing
 n - 3 potions of might
 r - 3 potions of degeneration {unknown}
 s - 3 potions of haste {unknown}
 t - 2 potions of cancellation {unknown}
 w - a potion of invisibility {unknown}
 z - 2 potions of flight {unknown}
 E - 2 potions of resistance {unknown}
Comestibles
 f - 22 rations
 C - 2 chunks of flesh


   Skills:
 + Level 9.7 Fighting
 + Level 7.1 Short Blades
 + Level 7.1 Long Blades
 + Level 7.1 Axes
 + Level 8.5 Maces & Flails
 + Level 7.1 Polearms
 + Level 7.1 Staves
 + Level 7.1 Slings
 + Level 7.1 Bows
 + Level 7.1 Crossbows
 + Level 7.1 Throwing
 + Level 9.7 Armour
 + Level 7.1 Dodging
 + Level 7.1 Stealth
 + Level 9.7 Shields
 + Level 7.1 Unarmed Combat
 + Level 7.1 Spellcasting
 + Level 5.9 Conjurations
 + Level 5.9 Hexes
 + Level 5.9 Charms
 + Level 5.9 Summonings
 + Level 5.9 Necromancy
 + Level 5.9 Translocations
 + Level 5.9 Transmutations
 + Level 5.9 Fire Magic
 + Level 5.9 Ice Magic
 + Level 5.9 Air Magic
 + Level 5.9 Earth Magic
 + Level 5.9 Poison Magic
 + Level 7.8 Invocations
 + Level 7.1 Evocations


You had 25 spell levels left.
You didn't know any spells.
Your spell library was empty.

Dungeon Overview and Level Annotations

Branches:
Dungeon (12/15)            Temple (1/1) D:7            Lair (0/6) D:11
    Orc (0/2) D:10          Sewer (visited)         Ossuary (visited)

Altars:
Ashenzari
Cheibriados
Dithmenos
Elyvilon
Fedhas
Gozag
Hepliaklqana
Kikubaaqudgha
Makhleb
Okawaru
Qazlal
Ru
Trog
Uskayaw
Vehumet
Wu Jian
Xom
Yredelemnul
The Shining One

Shops:
D:6 (   D:12 :

Annotations:
D:5 2 transporters
D:12 Rupert


Innate Abilities, Weirdness & Mutations

Your experience applies equally to all skills.
You have very sharp teeth.
Your uncanny sense of smell can sniff out nearby items.
You are surrounded by a mild repulsion field. (EV +2)
Scrolls take you a little longer to read.
Your mind is acute. (Int +2)
You are covered in fur. (AC +1)
Your spells are a little easier to cast, but a little less powerful.


Message History

You can feel time thicken for a moment.
You kill the centaur!
Cheibriados thoroughly appreciates the change of pace.
You feel somewhat more hungry.
You can no longer step out of the flow of time.
Cheibriados lowers the support of your attributes as your movement quickens.
You block Rupert's attack.
Evoke which item? (* to show all) (? for menu, Esc to quit)
Aiming: Corrosive Bolt
Press: ? - help, Shift-Dir - straight line, f - Rupert
Aim: Rupert, wielding a +2 battleaxe of chopping and wearing a cursed +0 chain mail (heavily wounded, berserk, fast, unusually strong)
The bolt of acid misses Rupert.
You block Rupert's attack.
Rupert hits you with a +2 battleaxe of chopping!!
* * * LOW HITPOINT WARNING * * *
x2
Okay, then.
You feel much better. Rupert closely misses you.
You feel agile all of a sudden.
Rupert hits you with a +2 battleaxe of chopping!!!
* * * LOW HITPOINT WARNING * * *
You die...

##....###.####...######......
##.#.###.# #...# ####...
#.......# #...# ###.
###.##### #...# #. ###.####
...## ## #....[.# .# #
.....#.##.# .# ## #
###..#.##.####.#...## #
............@@.....# #
..#..##.#.#.#.)#....# #
.###.. #^#.#.#..# #.# # ..
....#.#.... # ###
##.###.#!##.# #. #.#.# .# #
#.... . ##### ## ∆


You could see Rupert (berserk).

Vanquished Creatures
  A centaur warrior (D:10)
  3 two-headed ogres
  Pikel (D:6)
  An ugly thing (D:11)
  3 manticores
  A cyclops (D:11)
  Joseph (D:9)
  2 gargoyles
  2 kobold demonologists (D:11)
  A troll (D:11)
  A hornet (D:11)
  Sigmund (D:2)
  A shadow (D:10)
  3 hogs (D:7)
  The ghost of ilii the Slasher, an amateur MiFi (D:3)
  A wyvern (D:8)
  12 yaks
  A steam dragon (D:10)
  3 hungry ghosts
  A human (D:7)
  2 acid dragons (D:11)
  A porcupine (D:11)
  An ice beast (D:6)
  A black bear (D:11)
  4 sky beasts
  A necrophage (D:7)
  A slave (D:6)
  3 orc warriors
  7 ogres
  4 phantoms
  4 centaurs
  2 crocodiles
  4 big kobolds
  11 bullfrogs
  2 wyvern skeletons
  4 scorpions
  3 howler monkeys
  7 wights
  4 centaur zombies
  6 crimson imps
  4 bullfrog zombies
  5 jellies
  2 hounds
  A bullfrog skeleton (D:9)
  Crazy Yiuf (D:2)
  3 orc priests
  A centaur skeleton (D:11)
  11 orc wizards
  Terence (D:3)
  5 iguanas
  7 worker ants
  A killer bee zombie (D:9)
  4 hound zombies
  A hound skeleton (D:7)
  3 mummies (Ossuary)
  Robin (D:3)
  11 gnolls
  A worker ant zombie (D:8)
  A howler monkey skeleton (D:8)
  2 river rats (Sewer)
  17 adders
  3 shadow imps
  4 oozes
  4 adder zombies
  5 adder skeletons
  7 worms
  4 dart slugs
  9 leopard geckos
  42 orcs
  10 giant cockroaches
  3 gnoll zombies (Ossuary)
  11 hobgoblins
  16 jackals
  6 quokkas
  8 ball pythons
  12 bats
  4 frilled lizards
  11 goblins
  4 goblin zombies (Ossuary)
  4 hobgoblin zombies (Ossuary)
  4 jackal zombies (Ossuary)
  17 kobolds
  4 kobold zombies (Ossuary)
  3 orc zombies (Ossuary)
  A quokka skeleton (D:6)
  5 quokka zombies (Ossuary)
  12 rats
  4 rat zombies (Ossuary)
413 creatures vanquished.

Vanquished Creatures (collateral kills)
  2 yaks (D:7)
  3 jackals (D:7)
5 creatures vanquished.

Vanquished Creatures (others)
  A hog (D:7)
  A yak (D:7)
  A black bear (D:11)
  A kobold (D:7)
  6 fungi (D:11)
  2 plants (D:11)
12 creatures vanquished.

Grand Total: 430 creatures vanquished

Notes
Turn   | Place    | Note
-------+----------+-------------------------------------------
     0 | D:1      | Ijustatesigmund the Gnoll Fighter began the quest for the
                  | Orb.
     0 | D:1      | Reached XP level 1. HP: 23/23 MP: 1/1
    57 | D:1      | Reached XP level 2. HP: 29/29 MP: 2/2
   232 | D:1      | Reached XP level 3. HP: 23/35 MP: 3/3
   767 | D:1      | Reached skill level 1 in Invocations
  1023 | D:2      | Reached skill level 1 in Short Blades
  1023 | D:2      | Reached skill level 1 in Long Blades
  1023 | D:2      | Reached skill level 1 in Axes
  1023 | D:2      | Reached skill level 1 in Polearms
  1023 | D:2      | Reached skill level 1 in Staves
  1023 | D:2      | Reached skill level 1 in Slings
  1023 | D:2      | Reached skill level 1 in Bows
  1023 | D:2      | Reached skill level 1 in Crossbows
  1023 | D:2      | Reached skill level 1 in Throwing
  1023 | D:2      | Reached skill level 1 in Dodging
  1023 | D:2      | Reached skill level 1 in Stealth
  1023 | D:2      | Reached skill level 1 in Unarmed Combat
  1023 | D:2      | Reached skill level 1 in Spellcasting
  1023 | D:2      | Reached skill level 1 in Evocations
  1023 | D:2      | Reached XP level 4. HP: 41/41 MP: 5/5
  1330 | D:2      | Reached skill level 1 in Conjurations
  1330 | D:2      | Reached skill level 1 in Hexes
  1330 | D:2      | Reached skill level 1 in Charms
  1330 | D:2      | Reached skill level 1 in Summonings
  1330 | D:2      | Reached skill level 1 in Necromancy
  1330 | D:2      | Reached skill level 1 in Translocations
  1330 | D:2      | Reached skill level 1 in Transmutations
  1330 | D:2      | Reached skill level 1 in Fire Magic
  1330 | D:2      | Reached skill level 1 in Ice Magic
  1330 | D:2      | Reached skill level 1 in Air Magic
  1330 | D:2      | Reached skill level 1 in Earth Magic
  1330 | D:2      | Reached skill level 1 in Poison Magic
  1451 | D:2      | Noticed a phantom
  1510 | D:2      | Killed a phantom
  1510 | D:2      | Reached XP level 5. HP: 21/47 MP: 5/7
  1803 | D:2      | Found a runed translucent door.
  1804 | D:2      | Noticed Crazy Yiuf
  1814 | D:2      | Killed Crazy Yiuf
  1865 | D:2      | Noticed Sigmund
  1874 | D:2      | Killed Sigmund
  1874 | D:2      | Reached skill level 5 in Maces & Flails
  1874 | D:2      | Reached XP level 6. HP: 42/53 MP: 7/9
  2041 | D:2      | Noticed a phantom
  2089 | D:2      | Killed a phantom
  2089 | D:2      | Reached XP level 7. HP: 59/59 MP: 10/10
  3167 | D:3      | Noticed Terence
  3178 | D:3      | Killed Terence
  3280 | D:3      | Found a runed translucent door.
  3285 | D:3      | Noticed ilii's ghost (amateur MiFi)
  3565 | D:4      | Found a glowing drain.
  3575 | Sewer    | Entered a sewer
  4219 | D:4      | Noticed Robin
  4241 | D:3      | Killed Robin
  4670 | D:5      | Entered Level 5 of the Dungeon
  4679 | D:5      | Reached XP level 8. HP: 64/67 MP: 12/12
  4715 | D:5      | Found a transporter.
  4727 | D:5      | Got a smoking tin ring
  4744 | D:5      | Identified the ring of Generosity {+Blink MR+ Str+2} (You
                  | found it on level 5 of the Dungeon)
  5153 | D:5      | Found a transporter.
  5355 | D:3      | Killed ilii's ghost
  5565 | D:6      | Reached XP level 9. HP: 36/72 MP: 14/14
  5712 | D:6      | Found Okkuiss's Weapon Shoppe.
  6117 | D:6      | Found a sand-covered staircase.
  6124 | Ossuary  | Entered an ossuary
  6298 | Ossuary  | Gained mutation: You are frail. (-10% HP) [potion of
                  | mutation]
  6298 | Ossuary  | Gained mutation: Your muscles are strong. (Str +2) [potion
                  | of mutation]
  6298 | Ossuary  | Gained mutation: You are partially covered in rugged brown
                  | scales. (AC +1, +3% HP) [potion of mutation]
  6299 | Ossuary  | Lost mutation: You are frail. (-10% HP) [potion of
                  | mutation]
  6299 | Ossuary  | Lost mutation: Your muscles are strong. (Str +2) [potion of
                  | mutation]
  6299 | Ossuary  | Gained mutation: You are resistant to hostile enchantments.
                  | (MR+) [potion of mutation]
  6299 | Ossuary  | Gained mutation: You are frail. (-10% HP) [potion of
                  | mutation]
  6299 | Ossuary  | Gained mutation: Your spells are a little easier to cast,
                  | but a little less powerful. [potion of mutation]
  6299 | Ossuary  | Gained mutation: You are covered in fur. (AC +1) [potion of
                  | mutation]
  6300 | Ossuary  | Lost mutation: You are partially covered in rugged brown
                  | scales. (AC +1, +3% HP) [potion of mutation]
  6300 | Ossuary  | Lost mutation: Your spells are a little easier to cast, but
                  | a little less powerful. [potion of mutation]
  6300 | Ossuary  | Lost mutation: You are resistant to hostile enchantments.
                  | (MR+) [potion of mutation]
  6300 | Ossuary  | Gained mutation: You have a pair of small horns on your
                  | head. [potion of mutation]
  6300 | Ossuary  | Gained mutation: Your flesh is cold resistant. (rC+)
                  | [potion of mutation]
  6487 | D:6      | Noticed Pikel
  6503 | D:6      | Killed Pikel
  6933 | D:7      | Lost mutation: You are frail. (-10% HP) [potion of
                  | mutation]
  6933 | D:7      | Lost mutation: You have a pair of small horns on your head.
                  | [potion of mutation]
  6933 | D:7      | Lost mutation: Your flesh is cold resistant. (rC+) [potion
                  | of mutation]
  6933 | D:7      | Gained mutation: You are surrounded by a mild repulsion
                  | field. (EV +2) [potion of mutation]
  6933 | D:7      | Gained mutation: Scrolls take you a little longer to read.
                  | [potion of mutation]
  6933 | D:7      | Gained mutation: Your spells are a little easier to cast,
                  | but a little less powerful. [potion of mutation]
  6933 | D:7      | Gained mutation: Your mind is acute. (Int +2) [potion of
                  | mutation]
  6943 | D:7      | Reached skill level 5 in Invocations
  6953 | D:7      | Found a basalt altar of Yredelemnul.
  7253 | D:7      | Reached XP level 10. HP: 78/78 MP: 17/17
  7667 | D:7      | Reached skill level 5 in Short Blades
  7667 | D:7      | Reached skill level 5 in Long Blades
  7667 | D:7      | Reached skill level 5 in Axes
  7667 | D:7      | Reached skill level 5 in Polearms
  7667 | D:7      | Reached skill level 5 in Staves
  7667 | D:7      | Reached skill level 5 in Slings
  7667 | D:7      | Reached skill level 5 in Bows
  7667 | D:7      | Reached skill level 5 in Crossbows
  7667 | D:7      | Reached skill level 5 in Throwing
  7667 | D:7      | Reached skill level 5 in Dodging
  7667 | D:7      | Reached skill level 5 in Stealth
  7667 | D:7      | Reached skill level 5 in Unarmed Combat
  7667 | D:7      | Reached skill level 5 in Spellcasting
  7667 | D:7      | Reached skill level 5 in Evocations
  7890 | D:7      | Found a staircase to the Ecumenical Temple.
  7898 | Temple   | Entered the Ecumenical Temple
  7971 | Temple   | Became a worshipper of Cheibriados the Contemplative
  8766 | D:8      | Reached * piety under Cheibriados
  9433 | D:9      | Reached ** piety under Cheibriados
  9487 | D:9      | Noticed a two-headed ogre
  9511 | D:9      | Killed a two-headed ogre
  9511 | D:9      | Reached XP level 11. HP: 5/87 MP: 19/19
  9515 | D:9      | Noticed Joseph
 10417 | D:9      | Killed Joseph
 10493 | D:10     | Entered Level 10 of the Dungeon
 10502 | D:10     | Reached *** piety under Cheibriados
 10552 | D:10     | Found a staircase to the Orcish Mines.
 10657 | D:10     | Noticed a two-headed ogre
 10737 | D:10     | Reached skill level 5 in Conjurations
 10737 | D:10     | Reached skill level 5 in Hexes
 10737 | D:10     | Reached skill level 5 in Charms
 10737 | D:10     | Reached skill level 5 in Summonings
 10737 | D:10     | Reached skill level 5 in Necromancy
 10737 | D:10     | Reached skill level 5 in Translocations
 10737 | D:10     | Reached skill level 5 in Transmutations
 10737 | D:10     | Reached skill level 5 in Fire Magic
 10737 | D:10     | Reached skill level 5 in Ice Magic
 10737 | D:10     | Reached skill level 5 in Air Magic
 10737 | D:10     | Reached skill level 5 in Earth Magic
 10737 | D:10     | Reached skill level 5 in Poison Magic
 10821 | D:10     | Identified the +14 chain mail of Gluttony {Dex+3}
 10852 | D:10     | Noticed a centaur warrior
 10864 | D:10     | Killed a centaur warrior
 10892 | D:10     | Killed a two-headed ogre
 10922 | D:10     | Reached **** piety under Cheibriados
 11438 | D:11     | Noticed a manticore
 11448 | D:11     | Killed a manticore
 11520 | D:11     | Noticed a manticore
 11536 | D:11     | Killed a manticore
 11560 | D:11     | Reached XP level 12. HP: 58/96 MP: 22/22
 11646 | D:11     | Noticed a two-headed ogre
 12014 | D:11     | Killed a two-headed ogre
 12014 | D:11     | Reached ***** piety under Cheibriados
 12020 | D:11     | Found a staircase to the Lair.
 12651 | D:12     | Found Kezuyc's Book Emporium.
 12674 | D:12     | Noticed Rupert
 12692 | D:12     | Slain by Rupert

Levels and vault maps discovered:
D:1:      elethiomel_arrival_quiet, layout_basic, minmay_misc_feat_doors
D:2:      layout_basic, minivault_19, ebering_dispersal_statue_hall,
          uniq_crazy_yiuf_cottage, uniq_sigmund
D:3:      layout_loops_ring, ebering_ghost_reflecting_pool, uniq_terence
D:4:      layout_loops_cross, cheibrodos_sewer_entry_bend, first_ration,
          uniq_robin
D:5:      gammafunk_wand_slinger, layout_loops_ring
D:6:      layout_basic, serial_shops, kennysheep_mini,
          chequers_ossuary_entry_cave, uniq_pikel
D:7:      layout_cave_pools, marbit_many_paths, minmay_temple_entry_hall,
          chequers_serial_rivers_micro_a, grunt_livestock,
          chequers_serial_rivers_small_3
D:8:      layout_gridville
D:9:      layout_loops_ring, minmay_fractal_squares_gapless_7, uniq_joseph
D:10:     layout_roguey, david_orc_2, minmay_bent
D:11:     layout_basic, grunt_lair_entry_orc_guard_hut
D:12:     layout_loops_cross, serial_shops, shop, uniq_rupert
Temple:   regret_index_temple_sigil_plot

Skill      XL: |  1  2  3  4  5  6  7  8  9 10 11 12 |
---------------+-------------------------------------+-----
Invocations    | 1 2 3 4 5 6 7 |  7.8
Short Blades   | 1 2 3 4 5 6 7 |  7.1
Long Blades    | 1 2 3 4 5 6 7 |  7.1
Axes           | 1 2 3 4 5 6 7 |  7.1
Polearms       | 1 2 3 4 5 6 7 |  7.1
Staves         | 1 2 3 4 5 6 7 |  7.1
Slings         | 1 2 3 4 5 6 7 |  7.1
Bows           | 1 2 3 4 5 6 7 |  7.1
Crossbows      | 1 2 3 4 5 6 7 |  7.1
Throwing       | 1 2 3 4 5 6 7 |  7.1
Dodging        | 1 2 3 4 5 6 7 |  7.1
Stealth        | 1 2 3 4 5 6 7 |  7.1
Unarmed Combat | 1 2 3 4 5 6 7 |  7.1
Spellcasting   | 1 2 3 4 5 6 7 |  7.1
Evocations     | 1 2 3 4 5 6 7 |  7.1
Conjurations   | 1 2 3 4 5 |  5.9
Hexes          | 1 2 3 4 5 |  5.9
Charms         | 1 2 3 4 5 |  5.9
Summonings     | 1 2 3 4 5 |  5.9
Necromancy     | 1 2 3 4 5 |  5.9
Translocations | 1 2 3 4 5 |  5.9
Transmutations | 1 2 3 4 5 |  5.9
Fire Magic     | 1 2 3 4 5 |  5.9
Ice Magic      | 1 2 3 4 5 |  5.9
Air Magic      | 1 2 3 4 5 |  5.9
Earth Magic    | 1 2 3 4 5 |  5.9
Poison Magic   | 1 2 3 4 5 |  5.9
Maces & Flails | 5 6 7 8 |  8.5
Fighting       | 7 8 9 |  9.7
Armour         | 7 8 9 |  9.7
Shields        | 7 8 9 |  9.7

Action                   |  1- 3 |  4- 6 |  7- 9 | 10-12 || total
-------------------------+-------+-------+-------+-------++-------
Melee: Flail             |    86 |    55 |       |       ||   141
       Bite              |    14 |    13 |    83 |   173 ||   283
       Mace              |       |    49 |   720 |   706 ||  1475
       Headbutt          |       |       |    18 |       ||    18
Invok: Slouch            |       |       |       |     1 ||     1
 Abil: Evoke Blink       |       |       |     1 |       ||     1
Evoke: Wand              |       |       |     1 |    14 ||    15
  Use: Potion            |       |     2 |     5 |     3 ||    10
       Scroll            |       |     1 |    13 |     3 ||    17
 Stab: Sleeping          |       |       |     3 |     7 ||    10
       Distracted        |       |       |       |     6 ||     6
  Eat: Chunk             |       |     4 |    10 |    13 ||    27
       Ration            |       |       |     3 |       ||     3
Armor: Scale mail        |    39 |    39 |   226 |   152 ||   456
Dodge: Dodged            |    37 |    21 |   207 |   311 ||   576
Block: Shield            |    67 |    46 |   444 |   533 ||  1090
       Reflection        |       |       |     4 |    13 ||    17

Table legend:
 A = Non-vault XP
 B = Vault XP
 C = Vault XP percentage of total XP
 D = Non-vault monster count
 E = Vault monster count
 F = Vault count percentage of total count
                 A         B        C        D         E       F
            +---------+---------+-------+---------+---------+-------
      Total |   17393 |    6468 |  27.1 |     297 |     121 |  28.9
            +---------+---------+-------+---------+---------+-------
        D:1 |      58 |       0 |   0.0 |      26 |       0 |   0.0
        D:2 |     360 |     264 |  42.3 |      28 |       2 |   6.7
        D:3 |      67 |     260 |  79.5 |      24 |       6 |  20.0
        D:4 |      97 |      24 |  19.8 |       8 |       9 |  52.9
        D:5 |     822 |       0 |   0.0 |      31 |       0 |   0.0
        D:6 |    1354 |     617 |  31.3 |      31 |       1 |   3.1
        D:7 |    1469 |     833 |  36.2 |      31 |       5 |  13.9
        D:8 |    1297 |       0 |   0.0 |      28 |       0 |   0.0
        D:9 |    2110 |     719 |  25.4 |      23 |       8 |  25.8
       D:10 |    1064 |    2750 |  72.1 |      15 |      17 |  53.1
       D:11 |    7116 |     598 |   7.8 |      43 |       5 |  10.4
       D:12 |    1579 |       0 |   0.0 |       9 |       0 |   0.0
      Sewer |       0 |     238 | 100.0 |       0 |      28 | 100.0
    Ossuary |       0 |     165 | 100.0 |       0 |      40 | 100.0
            +---------+---------+-------+---------+---------+-------
